 Dungeon Crawl Stone Soup version 0.17-a0-1667-g4ca74a1 (webtiles) character file.

76045 esc the Eclecticist (level 15, -2/88 HPs)
             Began as a Deep Elf Fire Elementalist on Aug 17, 2015.
             Was the Champion of Vehumet.
             Killed by divine providence
             ... invoked by Saint Roka
              (13 damage)
             ... on level 4 of the Orcish Mines.
             The game lasted 02:49:55 (37510 turns).

esc the Eclecticist (Deep Elf Fire Elementalist)   Turns: 37510, Time: 02:49:55

Health: -2/88      AC: 19    Str:  5    XL:     15   Next: 11%
Magic:  19/38      EV: 20    Int: 27    God:    Vehumet [******]
Gold:   2275       SH:  0    Dex: 15    Spells: 11 memorised, 1 level left

rFire  . . .     SeeInvis +     a - +2 lajatang (protect)
rCold  . . .     Clarity  .     Y - +1 leather armour of Mental Paralysis {rElec rCorr SInv}
rNeg   + . .     SustAt   .     (no shield)
rPois  .         Gourm    .     V - +2 hat of Contentment {Regen+}
rElec  +         Spirit   .     E - +1 cloak
rCorr  +         Warding  +     (no gloves)
rMut   .         Stasis   .     H - +0 pair of boots {Fly}
MR     +....                    y - amulet of warding {Ward, rN+, !d}
Stlth  ++........               G - +5 ring of evasion
                                z - +5 ring of protection

@: flying, studying Dodging, repel missiles, somewhat resistant to hostile
enchantments, unstealthy
A: horns 1
a: Renounce Religion, Stop Flying


You were on level 4 of the Orcish Mines.
You worshipped Vehumet.
Vehumet was exalted by your worship.
You were not hungry.

You visited 4 branches of the dungeon, and saw 24 of its levels.
You also visited: Labyrinth and Sewer.

You collected 2457 gold pieces.
You spent 182 gold pieces at shops.

Inventory:

Hand weapons
 a - a +2 lajatang of protection (weapon)
   (You found it in a sewer)
 B - a +0 blowgun
   (You took it off a kobold on level 9 of the Dungeon)
Missiles
 h - 174 poisoned needles
 o - a curare-tipped needle
 w - a throwing net {=f, !d}
 M - a tomahawk of dispersal {=f}
 R - 12 needles of slowing
Armour
 E - a +1 cloak (worn)
   (You found it on level 5 of the Dungeon)
 H - a +0 pair of boots of flying (worn)
   (You acquired it on level 1 of the Lair of Beasts)
 V - the +2 hat of Contentment (worn) {Regen+}
   (You found it on level 11 of the Dungeon)

   It increases your rate of regeneration.
 Y - the +1 leather armour of Mental Paralysis (worn) {rElec rCorr SInv}
   (You found it on level 11 of the Dungeon)

   It insulates you from electricity.
   It lets you see invisible.
   It protects you from acid and corrosion.
Magical staves
 b - an uncursed staff of wizardry {wiz+, !a}
   (You took it off a minotaur in a labyrinth)
Jewellery
 q - an uncursed ring of sustain attributes
   (You found it on level 8 of the Lair of Beasts)
 y - an amulet of warding (around neck) {Ward, rN+, !d}
   (You found it on level 3 of the Dungeon)
 z - a +5 ring of protection (left hand)
   (You found it on level 7 of the Lair of Beasts)
 G - a +5 ring of evasion (right hand)
   (You found it on level 9 of the Dungeon)
 S - an uncursed ring of magical power {MP+9}
   (You took it off an orc on level 4 of the Orcish Mines)
Magical devices
 K - a wand of teleportation (3)
   (You found it on level 6 of the Dungeon)
 N - a wand of confusion (28)
   (You found it on level 1 of the Lair of Beasts)
 P - a wand of lightning (9)
   (You found it on level 11 of the Dungeon)
 Q - a wand of invisibility (4)
   (You found it on level 7 of the Dungeon)
 Z - a wand of cold (3)
   (You found it in a labyrinth)
Scrolls
 j - 9 scrolls of remove curse
 l - 3 scrolls of teleportation
 s - 3 scrolls of immolation {!r}
 u - 4 scrolls of recharging
 C - a scroll of enchant armour
 I - 2 scrolls of amnesia
 T - 6 scrolls of magic mapping {!r}
 X - 3 scrolls of fog
Potions
 d - a potion of heal wounds
 e - a potion of flight
 f - 6 potions of haste
 g - 6 potions of agility
 i - 2 potions of resistance
 n - 3 potions of brilliance
 p - 3 potions of might
 r - 9 potions of curing
 t - a potion of ambrosia {!q}
 A - 3 potions of berserk rage {!q}
 F - a potion of magic
 L - a potion of cancellation
 O - a potion of invisibility
Books
 U - a manual of Dodging {!d}
   (You found it in a labyrinth)
Miscellaneous
 m - a lamp of fire
   (You found it on level 11 of the Dungeon)
 D - a legendary deck of escape
   (You found it in a labyrinth)
Comestibles
 c - 9 bread rations {@e1}
 k - 27 fruits
 v - 3 royal jellies
 x - 9 meat rations {@e2}


   Skills:
 - Level 8.0 Fighting
 - Level 4.2 Staves
 + Level 14.2 Dodging
 - Level 2.4 Stealth
 - Level 17.0 Spellcasting
 + Level 14.6 Conjurations
 + Level 13.6 Fire Magic


You had one spell level left.
You knew the following spells:

 Your Spells              Type           Power        Failure   Level  Hunger
a - Flame Tongue          Conj/Fire      #####        0%          1    None
b - Force Lance           Conj/Tloc      ######..     1%          4    None
c - Conjure Flame         Conj/Fire      #######.     1%          3    None
d - Repel Missiles        Chrm/Air       ###...       8%          2    None
e - Bolt of Draining      Conj/Necr      ######....   1%          5    None
f - Fireball              Conj/Fire      #######...   1%          5    None
g - Fire Storm            Conj/Fire      #######...   99%         9    #######
h - Orb of Destruction    Conj           #######...   2%          7    #####..
s - Sticky Flame          Conj/Fire      #######.     1%          4    None
x - Throw Flame           Conj/Fire      ######       1%          2    None
z - Iskenderun's Battles  Conj/Chrm      ######..     1%          5    None


Dungeon Overview and Level Annotations

Branches:
Dungeon (11/15)            Temple (1/1) D:7            Lair (8/8) D:9
  Swamp (0/4) Lair:6       Spider (0/4) Lair:3        Slime (0/6) Lair:6
    Orc (4/4) D:10            Elf (0/3) Orc:3

Altars:
Cheibriados
Dithmenos
Elyvilon
Fedhas
Gozag
Kikubaaqudgha
Makhleb
Okawaru
Ru
Sif Muna
Trog
Vehumet
Xom
Yredelemnul
Zin
Beogh
Jiyva

Shops:
D:6 ?   Orc:1 !   Orc:4 ((

Annotations:
Orc:4 Saint Roka


Innate Abilities, Weirdness & Mutations

You have a pair of small horns on your head.


Message History

There is an open door, spattered with blood here.
You see here a steel tomahawk.
Saint Roka roars a battlecry!
You see here a giant spiked club.
Saint Roka seems less drained.
Saint Roka invokes the aid of Beogh against you.
Something smites you!
You take 12 damage, and have 54/88 hp.
Saint Roka mumbles some strange prayers to Beogh against you.
Something smites you!
You take 14 damage, and have 41/88 hp.
Things that are here:
a chain mail; a hand axe Saint Roka mumbles some strange prayers to Beogh against you.
Something smites you!
You take 10 damage, and have 34/88 hp.
Things that are here:
a scimitar; a chain mail
There is a stone staircase leading up here.
You fly upwards.
There is a stone staircase leading down here.
You see here a leather armour.
You start resting.
You are feeling hungry.
Health restored: 88 You regained 26 mp, and now have 36/38 mp.
Eat which item? (? for menu, Esc to quit)
You can't eat that!
Eat which item? (? for menu, Esc to quit)
You continue eating. x2
You finish eating.
That royal jelly was delicious!
You fly downwards.
Level annotation: Saint Roka
There is a stone staircase leading up here.
You conjure a globe of magical energy.
You now have 33/38 mp.
Aim: Saint Roka, wielding a battleaxe of flaming and wearing a glowing plate armour The bolt of negative energy hits Saint Roka.
Saint Roka is drained!
Your battlesphere fires!
The barrage of energy hits Saint Roka.
You now have 28/38 mp.
Aim: Saint Roka, wielding a battleaxe of flaming and wearing a glowing plate armour (lightly wounded, lightly drained)
The sticky flame hits Saint Roka.
Saint Roka is covered in liquid flames!
Saint Roka burns!
Your battlesphere fires!
The barrage of energy hits Saint Roka.
Saint Roka calls down the wrath of Beogh upon you.
Something smites you!
You take 11 damage, and have 77/88 hp.
You now have 25/38 mp.
Saint Roka burns!
You swap places.
Saint Roka burns!
Saint Roka invokes the aid of Beogh against you.
Something smites you!
You take 9 damage, and have 68/88 hp.
Saint Roka burns!
Saint Roka stops burning.
Aim: Saint Roka, wielding a battleaxe of flaming and wearing a glowing plate armour (lightly wounded, lightly drained)
The bolt of negative energy hits Saint Roka.
Saint Roka is drained!
The barrage of energy hits Saint Roka.
Saint Roka mumbles some strange prayers to Beogh against you.
Something smites you!
You take 16 damage, and have 56/88 hp.
You now have 22/38 mp.
Saint Roka invokes the aid of Beogh against you.
Something smites you!
You take 11 damage, and have 46/88 hp.
Saint Roka mumbles some strange prayers to Beogh against you.
Something smites you!
You take 8 damage, and have 39/88 hp.
You see here a flail.
Saint Roka mumbles some strange prayers to Beogh against you.
Something smites you!
* * * LOW HITPOINT WARNING * * *
You take 15 damage, and have 25/88 hp.
You swap places.
Items here: ))) [[ a ring mail; a flail; a chain mail; a club; a hand axe
Aim: Saint Roka, wielding a battleaxe of flaming and wearing a glowing plate armour (moderately wounded, lightly drained)
The bolt of negative energy misses Saint Roka.
Your battlesphere fires!
The barrage of energy hits Saint Roka.
You now have 22/38 mp.
Aim: Saint Roka, wielding a battleaxe of flaming and wearing a glowing plate armour (moderately wounded, lightly drained)
The bolt of negative energy hits Saint Roka.
Saint Roka is drained!
Your battlesphere fires!
The barrage of energy hits Saint Roka.
Saint Roka calls down the wrath of Beogh upon you.
Something smites you!
* * * LOW HITPOINT WARNING * * *
You take 13 damage, and have 18/88 hp.
You now have 18/38 mp.
Saint Roka invokes the aid of Beogh against you.
Something smites you!
* * * LOW HITPOINT WARNING * * *
Things that are here:
a chain mail; a scimitar You take 10 damage, and have 10/88 hp.
There is a stone staircase leading up here.
Saint Roka invokes the aid of Beogh against you.
Something smites you!
You die...

#...#..#.o.))...[.#....##..
#####...)#........##...##..
##.#..####..##o....#...####
#...o## ######.....##..##..
##..o## ##...##......#...#..
#....# ##.....##.........#..
##...###.......##[.......###
##.###...[)....o[....)...8#
#..#......@*.)..).....).).(
#..............[....).)..8#
#.#..#........##........###
#..####...)..##...).....#..
##.# ###...##..........#..
#.## ######..........#). ###
###..........###
#####.......#.....#
##.#....))..#......#


You could see Saint Roka.

Vanquished Creatures
  Gastronok (Lair:2)
  Maud (Lair:6)
  An ettin (Orc:4)
  A minotaur (Lab)
  3 hydras
  3 catoblepae (Lair:8)
  22 death yaks
  Sonja (Lair:2)
  A fire crab (Lair:8)
  5 orc sorcerers (Orc:4)
  2 orc knights (Orc:4)
  12 elephants
  2 griffons (Lair:5)
  11 spiny frogs
  4 black mambas
  Joseph (D:7)
  2 torpor snails
  7 komodo dragons
  A queen bee (Lair:5)
  7 fire drakes
  5 trolls
  A polar bear (Lair:3)
  Grinder (D:5)
  7 two-headed ogres (Orc:4)
  A slime creature (Lair:6)
  13 blink frogs
  A boulder beetle (Lair:8)
  A tarantella (Lair:3)
  41 yaks
  A basilisk (Lair:3)
  A trapdoor spider (Lab)
  A spriggan (Lair:3)
  2 wraiths
  3 hungry ghosts
  A steam dragon (D:9)
  13 wolves
  2 wyverns
  10 hippogriffs
  Menkaure (D:5)
  Edmund (D:5)
  6 wargs
  37 orc warriors
  4 ice beasts
  15 water moccasins
  21 ogres
  10 porcupines
  4 sky beasts
  2 black bears
  5 phantoms
  A wasp (D:9)
  A necrophage (D:7)
  4 centaurs
  14 crocodiles
  A big kobold (D:9)
  11 giant frogs
  A water moccasin zombie (D:7)
  A wyvern zombie (D:8)
  A wyvern skeleton (D:6)
  A troll zombie (D:7)
  30 killer bees
  3 scorpions
  7 wights
  6 electric eels
  2 quasits (D:10)
  2 crimson imps
  3 centaur skeletons
  2 jellies
  A wasp zombie (D:10)
  A centaur zombie (D:9)
  3 giant frog zombies
  2 hounds
  2 human zombies (D:7)
  Ijyb (D:2)
  29 orc priests
  50 orc wizards
  3 giant frog skeletons
  Terence (D:3)
  A human skeleton (D:7)
  7 iguanas
  11 worker ants
  30 sheep
  A hound zombie (D:5)
  A hound skeleton (D:7)
  2 mummies (D:7)
  Robin (D:2)
  10 adders
  A worker ant zombie (D:5)
  72 river rats
  12 oozes
  2 adder skeletons
  4 worms
  27 giant geckos
  230 orcs
  18 giant cockroaches
  17 goblins
  16 hobgoblins
  27 jackals
  16 kobolds
  3 quokkas
  7 ball pythons
  4 bats
  A giant cockroach zombie (D:6)
  2 giant gecko skeletons
  A giant gecko zombie (D:5)
  17 giant newts
  2 jackal skeletons (D:4)
  An orc skeleton (D:7)
  4 rats
  A fungus (Lair:6)
  A plant (Lair:5)
1033 creatures vanquished.

Vanquished Creatures (others)
  A bush (Lair:8)
  52 fungi
  30 plants
83 creatures vanquished.

Grand Total: 1116 creatures vanquished

Notes
Turn   | Place    | Note
--------------------------------------------------------------
     0 | D:1      | esc the Deep Elf Fire Elementalist began the quest for the Orb.
     0 | D:1      | Reached XP level 1. HP: 10/10 MP: 6/6
   151 | D:1      | Reached XP level 2. HP: 12/15 MP: 4/8
   855 | D:1      | Reached XP level 3. HP: 19/19 MP: 5/10
   973 | D:2      | Reached skill level 4 in Fire Magic
  1133 | D:2      | Reached skill level 2 in Conjurations
  1139 | D:2      | Learned a level 2 spell: Throw Flame
  1175 | D:2      | Noticed Robin
  1179 | D:2      | Killed Robin
  1179 | D:2      | Reached skill level 4 in Spellcasting
  1201 | D:2      | Reached XP level 4. HP: 18/24 MP: 0/12
  1419 | D:2      | HP: 3/24 [giant gecko (4)]
  1702 | D:2      | Noticed Ijyb
  1717 | D:2      | Killed Ijyb
  1781 | D:2      | Reached skill level 3 in Conjurations
  1996 | D:2      | Reached XP level 5. HP: 18/28 MP: 8/13
  2926 | D:3      | Reached skill level 5 in Fire Magic
  2944 | D:3      | Noticed Terence
  3057 | D:3      | Killed Terence
  3057 | D:3      | Reached skill level 5 in Spellcasting
  3268 | D:4      | Reached XP level 6. HP: 32/32 MP: 7/15
  3271 | D:4      | Reached skill level 4 in Conjurations
  3700 | D:3      | Learned a level 3 spell: Conjure Flame
  3705 | D:3      | Learned a level 4 spell: Sticky Flame
  3973 | D:4      | Found a shadowy altar of Dithmenos.
  4182 | D:4      | Reached skill level 6 in Spellcasting
  4292 | D:5      | Entered Level 5 of the Dungeon
  4306 | D:5      | Reached XP level 7. HP: 36/36 MP: 8/18
  4499 | D:5      | Found a glowing drain.
  4502 | D:5      | Reached skill level 5 in Conjurations
  4549 | Sewer    | Entered a sewer
  4675 | Sewer    | Reached skill level 6 in Fire Magic
  5714 | D:5      | Noticed Menkaure
  5716 | D:5      | Killed Menkaure
  5716 | D:5      | Reached skill level 1 in Fighting
  5716 | D:5      | Reached skill level 1 in Staves
  5716 | D:5      | Reached skill level 3 in Dodging
  5717 | D:5      | Found a snail-covered altar of Cheibriados.
  6087 | D:5      | Reached XP level 8. HP: 43/43 MP: 15/20
  6235 | D:5      | Found a snail-covered altar of Cheibriados.
  6238 | D:5      | Noticed Grinder
  6245 | D:5      | Killed Grinder
  6245 | D:5      | Reached skill level 2 in Fighting
  6245 | D:5      | Reached skill level 2 in Staves
  6245 | D:5      | Reached skill level 4 in Dodging
  6379 | D:5      | Reached skill level 3 in Staves
  6566 | D:5      | Noticed Edmund
  6604 | D:5      | Killed Edmund
  6769 | D:5      | Reached skill level 5 in Dodging
  6871 | D:5      | Reached skill level 3 in Fighting
  7140 | D:5      | Found a white marble altar of Elyvilon.
  7460 | D:5      | Reached skill level 4 in Staves
  7667 | D:6      | Found Mempo's Magic Scroll Shoppe.
  7687 | D:6      | Identified the Handbook of Intoxication and the Glacier
  7897 | D:5      | Reached skill level 7 in Spellcasting
  7988 | D:6      | Reached XP level 9. HP: 31/51 MP: 12/21
  8314 | D:6      | Found an iron altar of Okawaru.
  8339 | D:6      | Reached skill level 7 in Fire Magic
  8505 | D:7      | Reached skill level 6 in Conjurations
  8748 | D:7      | Found a staircase to the Ecumenical Temple.
  8757 | Temple   | Entered the Ecumenical Temple
  8767 | Temple   | Became a worshipper of Vehumet
  8837 | D:7      | Reached skill level 8 in Spellcasting
  9101 | D:7      | Noticed Joseph
  9107 | D:7      | Killed Joseph
  9114 | D:7      | Reached skill level 7 in Conjurations
  9114 | D:7      | Reached skill level 8 in Fire Magic
  9390 | D:7      | Found a basalt altar of Yredelemnul.
  9418 | D:7      | Reached skill level 9 in Spellcasting
  9622 | D:7      | Acquired Vehumet's first power
  9622 | D:7      | Offered knowledge of Freeze by Vehumet.
  9762 | D:7      | Reached XP level 10. HP: 49/56 MP: 10/25
 10780 | D:8      | Reached skill level 8 in Conjurations
 11080 | D:8      | Offered knowledge of Sandblast by Vehumet.
 11080 | D:8      | Reached skill level 9 in Fire Magic
 11181 | D:8      | Reached skill level 10 in Spellcasting
 11349 | D:8      | Found a burning altar of Makhleb.
 12135 | D:9      | Learned a level 2 spell: Repel Missiles
 12164 | D:9      | Found a staircase to the Lair.
 12475 | D:9      | Offered knowledge of Throw Frost by Vehumet.
 12876 | D:9      | Found a bloodstained altar of Trog.
 13044 | D:10     | Entered Level 10 of the Dungeon
 13050 | D:9      | Reached skill level 9 in Conjurations
 13159 | D:10     | Acquired Vehumet's second power
 13159 | D:10     | Reached skill level 11 in Spellcasting
 13180 | D:10     | Got a jewelled rapier
 13181 | D:10     | Identified the +7 rapier "Maetet" {flame, Dex+3} (You found it on level 10 of the Dungeon)
 13557 | D:10     | Found a staircase to the Orcish Mines.
 13563 | D:10     | Found a roughly hewn altar of Beogh.
 13571 | D:10     | HP: 13/56 [orc/dagger of speed (4)]
 13574 | D:10     | Offered knowledge of Force Lance by Vehumet.
 13584 | D:10     | HP: 4/56 [orc priest/divine providence (11)]
 14023 | D:10     | Reached skill level 10 in Fire Magic
 14364 | D:11     | Learned a level 5 spell: Iskenderun's Battlesphere
 14369 | D:11     | Learned a level 4 spell: Force Lance
 14375 | D:11     | Learned a level 5 spell: Fireball
 14590 | D:11     | Acquired Vehumet's third power
 14590 | D:11     | Reached XP level 11. HP: 60/60 MP: 19/28
 14601 | D:11     | Got a fine hat
 14612 | D:11     | Identified the +2 hat of Contentment {Regen+} (You found it on level 11 of the Dungeon)
 14796 | D:11     | Got a crude leather armour
 14807 | D:11     | Identified the +1 leather armour of Mental Paralysis {rElec rCorr SInv} (You found it on level 11 of the Dungeon)
 14823 | D:11     | Offered knowledge of Airstrike by Vehumet.
 14985 | D:11     | Reached skill level 10 in Conjurations
 15344 | Orc:1    | Entered Level 1 of the Orcish Mines
 15572 | D:10     | Reached skill level 12 in Spellcasting
 15595 | Orc:1    | Offered knowledge of Bolt of Fire by Vehumet.
 16033 | Orc:1    | Found a dark tunnel.
 16481 | Orc:1    | Reached skill level 11 in Fire Magic
 16943 | Orc:1    | Found Zaref's Distillery.
 16990 | Orc:1    | Bought a potion of curing for 39 gold pieces
 16990 | Orc:1    | Bought a potion of curing for 39 gold pieces
 16990 | Orc:1    | Bought a potion of curing for 39 gold pieces
 16990 | Orc:1    | Bought a potion of heal wounds for 65 gold pieces
 17408 | Lair:1   | Entered Level 1 of the Lair of Beasts
 17448 | Lair:1   | Identified a scroll of acquirement
 17627 | Lair:1   | Reached skill level 11 in Conjurations
 18319 | Lair:2   | Reached skill level 13 in Spellcasting
 18607 | Lair:2   | Noticed Gastronok
 18711 | Lair:2   | Killed Gastronok
 18711 | Lair:2   | Reached XP level 12. HP: 56/64 MP: 5/31
 18812 | Lair:2   | Noticed Sonja
 18869 | Lair:2   | Killed Sonja
 18869 | Lair:2   | Reached skill level 14 in Spellcasting
 18869 | Lair:2   | Reached skill level 12 in Conjurations
 19663 | Lair:3   | Found a hole to the Spider Nest.
 20025 | Lair:3   | HP: 16/64 [polar bear (21)]
 20272 | Lair:3   | Reached skill level 6 in Dodging
 20491 | Lair:3   | Reached skill level 4 in Fighting
 21423 | Lair:5   | Noticed a seven-headed hydra
 21595 | Lair:5   | Offered knowledge of Bolt of Draining by Vehumet.
 21595 | Lair:5   | Reached skill level 7 in Dodging
 21622 | Lair:5   | Learned a level 5 spell: Bolt of Draining
 21738 | Lair:5   | Killed a seven-headed hydra
 21751 | Lair:5   | Reached skill level 5 in Fighting
 21845 | Lair:5   | Reached skill level 8 in Dodging
 22173 | Lair:5   | Found a deep blue altar of Sif Muna.
 22519 | Lair:5   | Gained mutation: You have a pair of small horns on your head. [potion of beneficial mutation]
 22615 | Lair:5   | Reached skill level 9 in Dodging
 22838 | Lair:5   | Reached skill level 6 in Fighting
 23175 | Lair:5   | Reached XP level 13. HP: 71/74 MP: 17/33
 23984 | Lair:6   | Reached skill level 10 in Dodging
 24425 | Lair:6   | Noticed Maud
 24436 | Lair:6   | Killed Maud
 24554 | Lair:6   | Offered knowledge of Delayed Fireball by Vehumet.
 25030 | Lair:6   | Found a basalt altar of Yredelemnul.
 25096 | Lair:6   | Found a viscous altar of Jiyva.
 25096 | Lair:6   | Found a staircase to the Slime Pits.
 25184 | Lair:6   | Found a staircase to the Swamp.
 25226 | Lair:6   | Reached skill level 15 in Spellcasting
 25455 | Lair:6   | Reached skill level 13 in Conjurations
 26072 | Lair:7   | Reached skill level 12 in Fire Magic
 26870 | Lair:8   | Entered Level 8 of the Lair of Beasts
 26870 | Lair:8   | Found a labyrinth entrance.
 26928 | Lab      | Entered a labyrinth
 30003 | Lair:7   | Reached skill level 16 in Spellcasting
 30003 | Lair:7   | Reached XP level 14. HP: 80/80 MP: 31/36
 30673 | Lair:8   | Offered knowledge of Iron Shot by Vehumet.
 30824 | Lair:8   | Learned a level 9 spell: Fire Storm
 31594 | Lair:8   | Reached skill level 7 in Fighting
 31976 | Lair:6   | Reached skill level 11 in Dodging
 32947 | Lair:7   | Reached skill level 12 in Dodging
 33058 | Lair:8   | Reached skill level 17 in Spellcasting
 33194 | Lair:8   | Reached skill level 14 in Conjurations
 33391 | Lair:8   | Reached skill level 8 in Fighting
 33701 | Lair:7   | Reached skill level 13 in Fire Magic
 33822 | Lair:1   | Reached skill level 13 in Dodging
 34046 | Orc:3    | Found a staircase to the Elven Halls.
 34550 | Orc:4    | Entered Level 4 of the Orcish Mines
 34651 | Orc:3    | Offered knowledge of Spellforged Servitor by Vehumet.
 35588 | Orc:4    | Offered knowledge of Conjure Ball Lightning by Vehumet.
 35868 | Orc:4    | Reached XP level 15. HP: 88/88 MP: 22/38
 35906 | Orc:4    | Found Oleshris's Weapon Boutique.
 35974 | Orc:4    | Found a roughly hewn altar of Beogh.
 36086 | Orc:4    | Reached skill level 14 in Dodging
 36166 | Orc:4    | Found Hukheom's Weapon Shop.
 36600 | Orc:4    | Noticed Saint Roka
 36946 | Orc:4    | Offered knowledge of Orb of Destruction by Vehumet.
 36964 | Orc:4    | Learned a level 7 spell: Orb of Destruction
 37503 | Orc:4    | HP: 18/88 [Saint Roka/divine providence (14)]
 37508 | Orc:4    | HP: 10/88 [Saint Roka/divine providence (11)]
 37510 | Orc:4    | Killed from afar by Saint Roka

Vault maps used:
D:1:      dpeg_arrival_morbid_curiosity, roderic_cross_of_infinity
D:2:      uniq_iyjb, uniq_robin
D:3:      uniq_terence
D:4:      lemuel_doored_altar, first_bread
D:5:      lemuel_crystal_altar, old_standard_altar, gup_sewer_entry_pipe,
          cheibriados_altar_1, uniq_edmund, uniq_menkaure, uniq_grinder
D:6:      okawaru_trees_1, serial_shops, nicolae_shop_statue_plus,
          columned_hall_lemuel, minmay_misc_feat_enclosed
D:7:      lemuel_mausoleum_altar_yredelemnul,
          minmay_temple_entry_statues_pillars, uniq_joseph
D:8:      bloody_makhleb
D:9:      lightli_temple_of_fire, lair_0_dummy
D:10:     minmay_orc_entry_temple_small
Temple:   circular_temple_12
Lair:1:   wad_woods_minihive, grunt_megastairs_5, lemuel_fruit_tree
Lair:2:   serial_bayou_ford_a, uniq_gastronok, uniq_sonja
Lair:3:   spider_nest_entry_rubble, grunt_forest_stairs_clearing
Lair:4:   serial_bayou, serial_bayou_pond_c, serial_bayou_lagoon_a,
          serial_bayou_pond_c, serial_bayou_pond_c, lemuel_old_faithful,
          serial_bayou_shore_b, lemuel_fruit_fields, lemuel_fruit_fields
Lair:5:   basic_altar, hibernation_bobbens, grunt_megastairs_3,
          serial_bayou_shore_b
Lair:6:   swamp_mist, slime_altar_1, basic_altar, grunt_forest_small_clearings,
          serial_bayou_lagoon_b, uniq_maud
Lair:8:   evilmike_catoblepas_cave, lab_entry_generic, patterned_corridor
Orc:1:    serial_shops, nicolae_shop_crystal, enter_volcano_3
Orc:3:    nicolae_orc_pool_cavern, amalloy_card_club
Orc:4:    pubby_orc_utopia
Lab:      nicolae_lab_lava
Sewer:    sewer_frog_island_02

Action                   |  1- 3 |  4- 6 |  7- 9 | 10-12 | 13-15 || total
-------------------------+-------+-------+-------+-------+-------++-------
Melee: Dagger            |     1 |    12 |       |       |       ||    13
       Lajatang          |       |       |    92 |   357 |   225 ||   674
 Cast: Flame Tongue      |    62 |   154 |    17 |     3 |     5 ||   241
       Throw Flame       |       |    30 |   206 |   425 |   441 ||  1102
       Conjure Flame     |       |     2 |    15 |     3 |     8 ||    28
       Sticky Flame      |       |       |    30 |   168 |   209 ||   407
       Iskenderun's Batt |       |       |       |    63 |    84 ||   147
       Repel Missiles    |       |       |       |     2 |       ||     2
       Fireball          |       |       |       |     3 |    39 ||    42
       Force Lance       |       |       |       |       |    27 ||    27
       Bolt of Draining  |       |       |       |       |    16 ||    16
 Abil: Stop Flying       |       |       |       |     1 |       ||     1
       Evoke Flight      |       |       |       |     1 |       ||     1
  Use: Scroll            |     6 |     6 |     2 |    17 |     9 ||    40
       Potion            |       |     2 |     1 |     4 |       ||     7
 Stab: Sleeping          |       |     1 |     4 |     3 |     2 ||    10
  Eat: Chunk             |     1 |     9 |    15 |    31 |    21 ||    77
       Fruit             |       |       |     1 |     4 |     1 ||     6
       Beef jerky        |       |       |     2 |     3 |       ||     5
       Pizza             |       |       |       |     3 |     1 ||     4
       Bread ration      |       |       |       |     1 |       ||     1
       Royal jelly       |       |       |       |       |    11 ||    11

Vault maps used:
D:1:      dpeg_arrival_morbid_curiosity, roderic_cross_of_infinity
D:2:      uniq_iyjb, uniq_robin
D:3:      uniq_terence
D:4:      lemuel_doored_altar, first_bread
D:5:      lemuel_crystal_altar, old_standard_altar, gup_sewer_entry_pipe,
          cheibriados_altar_1, uniq_edmund, uniq_menkaure, uniq_grinder
D:6:      okawaru_trees_1, serial_shops, nicolae_shop_statue_plus,
          columned_hall_lemuel, minmay_misc_feat_enclosed
D:7:      lemuel_mausoleum_altar_yredelemnul,
          minmay_temple_entry_statues_pillars, uniq_joseph
D:8:      bloody_makhleb
D:9:      lightli_temple_of_fire, lair_0_dummy
D:10:     minmay_orc_entry_temple_small
Temple:   circular_temple_12
Lair:1:   wad_woods_minihive, grunt_megastairs_5, lemuel_fruit_tree
Lair:2:   serial_bayou_ford_a, uniq_gastronok, uniq_sonja
Lair:3:   spider_nest_entry_rubble, grunt_forest_stairs_clearing
Lair:4:   serial_bayou, serial_bayou_pond_c, serial_bayou_lagoon_a,
          serial_bayou_pond_c, serial_bayou_pond_c, lemuel_old_faithful,
          serial_bayou_shore_b, lemuel_fruit_fields, lemuel_fruit_fields
Lair:5:   basic_altar, hibernation_bobbens, grunt_megastairs_3,
          serial_bayou_shore_b
Lair:6:   swamp_mist, slime_altar_1, basic_altar, grunt_forest_small_clearings,
          serial_bayou_lagoon_b, uniq_maud
Lair:8:   evilmike_catoblepas_cave, lab_entry_generic, patterned_corridor
Orc:1:    serial_shops, nicolae_shop_crystal, enter_volcano_3
Orc:3:    nicolae_orc_pool_cavern, amalloy_card_club
Orc:4:    pubby_orc_utopia
Lab:      nicolae_lab_lava
Sewer:    sewer_frog_island_02

Table legend:
 A = Turns spent in this place as a percentage of turns spent in the entire game.
 B = Non-inter-level travel turns spent in this place as a percentage of non-inter-level travel turns spent in the entire game.
 C = Inter-level travel turns spent in this place as a percentage of turns spent in this place.
 D = Turns resting spent in this place as a percentage of non-inter-level travel turns spent in this place.
 E = Turns spent auto-exploring this place as a percentage of non-inter-level travel turns spent in this place.
 F = Non-inter-level travel turns spent in this place divided by the number of levels of this place that you've seen.
                   A       B       C       D       E      F
               +-------+-------+-------+-------+-------+----------------------
         Total | 100.0 | 100.0 |   0.5 |   4.9 |   4.9 | 451.9
       Dungeon |  29.4 |  29.4 |   0.6 |   5.7 |   7.9 | 313.6
        Temple |   0.2 |   0.2 |   0.0 |   0.0 |   0.0 |  18.0
          Lair |  30.2 |  30.1 |   0.7 |   7.7 |   5.2 | 442.8
  Orcish Mines |  17.2 |  17.2 |   0.4 |   4.0 |   5.0 | 504.0
     Labyrinth |  20.4 |  20.5 |   0.0 |   0.2 |   0.0 | 2407.0
         Sewer |   2.7 |   2.7 |   0.0 |   7.0 |   4.7 | 316.0
               +-------+-------+-------+-------+-------+----------------------

Table legend:
 A = Kills in this place as a percentage of kills in entire the game.
 B = Kills by you in this place as a percentage of kills by you in the entire game.
 C = Kills by friends in this place as a percentage of kills by friends in the entire game.
 D = Other kills in this place as a percentage of other kills in the entire game.
 E = Experience gained in this place as a percentage of experience gained in the entire game.
 F = Experience gained in this place divided by the number of levels of this place that you have seen.
                   A       B       C       D       E      F
               +-------+-------+-------+-------+-------+----------------------
         Total | 100.0 | 100.0 |  -nan |  -nan | 100.0 | 4178.3
       Dungeon |  34.3 |  34.3 |  -nan |  -nan |  13.3 | 1316.3
          Lair |  32.4 |  32.4 |  -nan |  -nan |  68.5 | 9303.2
  Orcish Mines |  27.6 |  27.6 |  -nan |  -nan |  16.4 | 4460.5
     Labyrinth |   0.4 |   0.4 |  -nan |  -nan |   1.5 | 1632.0
         Sewer |   5.2 |   5.2 |  -nan |  -nan |   0.2 | 258.0
               +-------+-------+-------+-------+-------+----------------------
